Map: Submarine LE

Players

Soda - Winner!

  • Race: Terran Terran
  • League: Master
  • Spawn Location: 11:00

BurSt

  • Race: Terran Terran
  • League: Diamond
  • Spawn Location: 5:00

VOD

Have the link to the VOD?

Description

Personal. TvT Opponent build order to study.

Time

  • Played on: Dec. 11, 2020, 12:29 a.m.
  • Length: 12:18
Show
View Real Time Build Order
Export as new Build Order

Soda Terran - Winner!

Build Orders: Reaper Expand 

Get SALT Encoding   

  12  0:00  SCV  
  13  0:12  SCV  
  14  0:17  Supply Depot  
  14  0:24  SCV  
  15  0:39  SCV  
  15  0:40  Barracks  
  16  0:45  Refinery  
  16  0:51  SCV  
  17  1:04  SCV  
  18  1:17  SCV  
  19  1:29  Reaper  
  19  1:31  Orbital Command  
  20  1:45  Command Center  
  20  1:57  SCV  
  20  1:58  Supply Depot  
  21  2:10  Marine  
  21  2:13  SCV  
  23  2:18  Factory  
  23  2:25  SCV  
  23  2:29  Barracks Reactor  
  24  2:33  Refinery  
  24  2:37  SCV  
  25  2:49  SCV  
  26  3:01  SCV  
  26  3:03  Starport  
  26  3:04  Factory Tech Lab  
  27  3:05  Orbital Command  
  27  3:09  Marine x2  
  29  3:13  SCV  
  30  3:20  Supply Depot  
  30  3:26  Siege Tank, SCV  
  34  3:27  Marine x2  
  34  3:31  SCV  
  37  3:38  SCV  
  37  3:41  Starport Reactor  
  37  3:43  SCV  
  37  3:45  Marine x2  
  40  3:57  SCV x2  
  40  3:59  Command Center  
  40  4:00  Siege Tank  
  45  4:09  Marine x2  
  47  4:10  SCV x2  
  49  4:22  SCV x2  
  49  4:23  Viking  
  53  4:30  Supply Depot  
  53  4:34  SCV  
  53  4:37  Barracks  
  53  4:38  Barracks  
  54  4:45  Refinery  
  54  4:47  Refinery  
  54  4:52  Viking, SCV x2, Engineering Bay  
  58  4:58  Engineering Bay  
  58  5:01  Supply Depot  
  58  5:04  SCV  
  59  5:08  Marine x2  
  59  5:13  Orbital Command  
  61  5:15  SCV  
  61  5:17  SCV  
  63  5:23  Supply Depot  
  63  5:25  Terran Infantry Weapons Level 1, Terran Infantry Armor Level 1  
  63  5:27  Barracks Tech Lab x2  
  63  5:29  Marine  
  63  5:32  Siege Tank  
  63  5:34  SCV x2  
  69  5:39  SCV  
  70  5:46  SCV  
  70  5:47  Barracks  
  70  5:49  Barracks  
  71  5:51  SCV x2  
  70  6:06  Siege Tank  
  70  6:07  Viking  
  70  6:08  Viking  
  70  6:10  SCV  
  78  6:15  Stimpack  
  78  6:16  Combat Shield  
  78  6:20  SCV x2  
  78  6:24  SCV  
  81  6:30  Orbital Command  
  81  6:32  SCV  
  82  6:33  Marine x2  
  82  6:34  Marine  
  82  6:38  SCV, Barracks Reactor x2  
  86  6:42  Armory  
  86  6:44  SCV  
  86  6:46  Marine  
  91  6:47  Siege Tank  
  91  6:51  Marine x2  
  93  6:56  Supply Depot  
  93  6:57  Supply Depot  
  93  6:58  Marine, SCV x3  
  97  7:08  Medivac x2  
  101  7:17  Marine x5, SCV x2  
  101  7:20  Supply Depot  
  108  7:23  Supply Depot  
  108  7:26  Supply Depot  
  108  7:28  SCV  
  108  7:29  SCV  
  110  7:31  Terran Infantry Weapons Level 2  
  109  7:37  Terran Infantry Armor Level 2  
  109  7:41  Refinery  
  109  7:42  Refinery  
  109  7:46  SCV x3  
  112  7:53  Factory  
  112  7:55  Marine x3  
  112  7:58  SCV  
  116  8:01  Terran Vehicle Weapons Level 1  
  116  8:05  Barracks Reactor  
  116  8:20  Marine x2  
  116  8:21  Marine x3, Siege Tank  
  116  8:25  Command Center  
  124  8:27  Supply Depot x2  
  124  8:35  Marine x2  
  124  8:38  Marine x4  
  124  8:40  Supply Depot  
  130  8:47  Barracks  
  130  8:48  Marine x3  
  130  8:50  Barracks  
  130  8:52  Marine, Viking  
  130  8:53  Marine, Viking  
  130  8:54  Siege Tank  
  142  8:56  Marine x3  
  142  9:02  Siege Tank  
  148  9:09  Barracks  
  148  9:16  SCV x3  
  151  9:19  Supply Depot  
  151  9:20  Supply Depot  
  151  9:28  SCV  
  149  9:32  Marine x4  
  149  9:37  SCV  
  148  9:44  Marine x5  
  148  9:46  Marine  
  148  9:49  Siege Tank x2  
  148  9:51  Marine  
  156  10:09  Medivac  
  156  10:10  Medivac  
  156  10:11  SCV x2  
  156  10:13  Barracks Reactor x2  
  162  10:16  SCV  
  162  10:21  Planetary Fortress, Siege Tank  
  166  10:23  SCV x2  
  168  10:28  SCV  
  168  10:35  SCV x2  
  170  10:36  Marine  
  170  10:39  Medivac  
  170  10:40  Medivac  
  175  10:45  Sensor Tower, SCV  
  175  10:47  SCV x2  
  178  10:52  Siege Tank, Barracks Reactor  
  181  10:57  SCV  
  181  10:58  SCV  
  181  10:59  SCV  
  180  11:16  Marine x5  
  182  11:23  Marine x3  
  182  11:24  Marine x4  
  182  11:25  Marine  
  190  11:32  SCV  
  191  11:34  Marine x4  
  191  11:35  Command Center  
  191  11:36  Siege Tank  
  183  11:51  Marine x11  
  183  11:52  Marine x4  
Show
View Real Time Build Order
Export as new Build Order

BurSt Terran 

Build Orders: Gas First Reaper Expand 

Get SALT Encoding   

  12  0:00  SCV  
  13  0:12  SCV  
  14  0:17  Supply Depot  
  14  0:24  SCV  
  15  0:31  Refinery  
  15  0:39  SCV  
  16  0:44  Barracks  
  16  0:52  SCV  
  18  1:04  SCV  
  18  1:16  SCV  
  19  1:31  Reaper  
  19  1:32  Orbital Command  
  20  1:47  Command Center  
  20  1:58  Factory  
  20  2:01  SCV  
  20  2:10  Barracks Reactor  
  20  2:13  SCV  
  20  2:15  Supply Depot  
  21  2:21  Refinery  
  21  2:26  SCV  
  22  2:38  SCV  
  23  2:45  Hellion  
  23  2:47  Starport  
  23  2:50  Marine, SCV  
  27  2:52  Marine  
  28  3:02  SCV  
  29  3:08  Factory Tech Lab  
  29  3:15  SCV, Orbital Command  
  29  3:19  Marine  
  31  3:20  Marine  
  31  3:27  SCV  
  33  3:33  Supply Depot  
  33  3:35  Factory Tech Lab  
  33  3:39  SCV  
  34  3:42  SCV  
  35  3:51  Marine x2, Raven, SCV  
  35  3:54  SCV  
  41  3:56  Refinery  
  41  3:57  Supply Depot  
  41  4:03  SCV  
  41  4:06  Cyclone, SCV  
  46  4:15  SCV  
  46  4:16  Marine  
  48  4:17  Marine  
  48  4:19  SCV  
  48  4:20  Supply Depot  
  49  4:30  SCV  
  50  4:35  Command Center  
  50  4:40  SCV  
  50  4:43  Siege Tank  
  54  4:48  SCV  
  54  4:51  Supply Depot  
  55  4:56  Viking  
  55  4:58  Viking  
  59  5:00  SCV  
  59  5:02  SCV  
  61  5:08  Stimpack  
  61  5:13  SCV  
  62  5:14  SCV  
  62  5:15  Siege Tank  
  62  5:17  Supply Depot  
  66  5:25  SCV  
  66  5:26  Viking  
  69  5:28  Viking  
  69  5:32  SCV  
  72  5:37  SCV  
  72  5:40  Supply Depot  
  73  5:43  Refinery  
  73  5:48  Marine  
  73  5:49  Barracks x2  
  74  5:56  SCV  
  75  5:57  Orbital Command  
  75  6:00  Supply Depot  
  75  6:04  Siege Tank  
  75  6:06  Marine, SCV  
  75  6:08  SCV  
  81  6:11  Supply Depot  
  81  6:13  Viking  
  83  6:25  SCV  
  84  6:26  SCV x2, Engineering Bay x2  
  84  6:27  Marine  
  87  6:37  SCV  
  87  6:38  Siege Tank  
  91  6:40  SCV  
  91  6:46  Barracks Reactor x2  
  91  6:48  Combat Shield  
  91  6:50  Orbital Command  
  91  6:52  Terran Infantry Weapons Level 1, Terran Infantry Armor Level 1  
  90  6:56  Medivac  
  90  6:57  Barracks  
  90  6:58  Medivac  
  90  6:59  Barracks  
  94  7:04  Marine  
  95  7:08  SCV x2  
  97  7:21  SCV x3  
  97  7:22  Marine  
  101  7:31  Marine x3  
  101  7:32  Marine  
  101  7:33  SCV x2, Refinery  
  107  7:37  Refinery  
  107  7:39  Missile Turret  
  107  7:40  Marine, SCV  
  109  7:45  SCV x2  
  109  7:46  Siege Tank  
  109  7:47  Supply Depot x2, Barracks Reactor  
  109  7:48  Sensor Tower  
  109  7:49  Marine x2  
  116  7:51  Marine  
  116  7:52  Marine  
  116  7:53  Medivac  
  116  7:57  Barracks Reactor  
  116  7:58  Marine  
  121  8:02  SCV x2  
  113  8:07  Marine x2  
  113  8:09  Marine x2  
  115  8:26  Marine x3  
  118  8:27  Marine x2  
  118  8:28  Liberator  
  118  8:30  Marine x2  
  119  8:39  Siege Tank  
  122  8:42  Marine x2  
  122  8:44  Marine, Factory  
  125  8:54  Marine x2  
  125  8:56  Marine x2, SCV  
  125  8:57  SCV  
  125  8:59  Marine x2  
  125  9:13  Armory  
  125  9:31  Marine x2  
  125  9:35  Marine, SCV x2  
  125  9:37  Marine, SCV  
  125  9:39  Marine  
  125  9:40  Marine x2, Supply Depot x2  
  125  9:41  Supply Depot  
  125  9:54  Marine x2, SCV  
  125  9:55  Supply Depot  
  125  9:57  Factory Tech Lab  
  125  10:01  Medivac x2, Marine x7, Siege Tank  
  125  10:02  SCV x2  
  125  10:06  SCV  
  142  10:12  Marine x2  
  142  10:14  SCV x2  
  146  10:19  Marine x7  
  153  10:22  Command Center  
  153  10:27  Missile Turret  
  152  10:29  Marine x2  
  152  10:31  Medivac  
  156  10:36  Marine  
  157  11:00  Marine x8  
  149  11:23  Marine x5  
  149  11:24  Marine x4  
  146  11:41  Marine x6  
  146  11:42  Marine x3  
  128  11:47  Medivac x2  
  117  11:59  Marine x6  
Tags
 
Add a new tag
Caveats
  • Supply blocks, unpowered buildings, or Contaminate may cause inaccurate times.
  • Supply counts are checked every 10 seconds.